 Dungeon Crawl Stone Soup version 0.20.0-15-g7f486f2 (webtiles) character file.

44 HexTechBomber the Shield-Bearer (level 3, -8/33 HPs)
             Began as a Minotaur Fighter on June 16, 2017.
             Engulfed by a cloud of flame (16 damage)
             ... on level 2 of the Dungeon.
             The game lasted 00:13:26 (1854 turns).

HexTechBomber the Shield-Bearer (Minotaur Fighter)  Turns: 1854, Time: 00:13:28

Health: -8/33      AC:  7    Str: 21    XL:     3   Next: 39%
Magic:  2/2        EV:  8    Int:  5    God:
Gold:   155        SH:  9    Dex:  9    Spells: 2/2 levels left

rFire    . . .     SeeInvis .   l - -1 spear (curse)
rCold    . . .     Gourm    .   c - +0 shield
rNeg     . . .     Faith    .   b - +0 scale mail
rPois    .         Spirit   .   (helmet restricted)
rElec    .         Reflect  .   (no cloak)
rCorr    .         Harm     .   (no gloves)
MR       .....                  (no boots)
Stlth    ..........             (no amulet)
Regen    0.2/turn               (no ring)
MPRegen  0.1/turn               (no ring)

@: no status effects
A: retaliatory headbutt, horns 2
a: no special abilities


You were on level 2 of the Dungeon.
You were hungry.

You visited 1 branch of the dungeon, and saw 2 of its levels.

You collected 155 gold pieces.

Inventory:

Hand Weapons
 a - a +0 war axe
 f - a +0 dagger
 g - a +0 dagger
 h - a +0 dagger of protection
 l - a cursed -1 spear (weapon)
 m - a +0 club
 o - a +0 dagger
 q - a cursed -3 dagger
 r - a +0 dagger
 s - a +0 dagger
 u - a +0 mace
 v - a +0 club
 w - a +0 whip
 x - a +0 club
 y - a +0 short sword
 A - a +0 club
Missiles
 p - 67 stones (quivered)
 z - 20 arrows
Armour
 b - a +0 scale mail (worn)
 c - a +0 shield (worn)
 k - a +0 leather armour
Scrolls
 i - a scroll of magic mapping {unknown}
Potions
 d - a potion of might
 n - a potion of flight
 t - 2 potions of heal wounds
 B - a potion of curing {unknown}
Comestibles
 j - a meat ration


   Skills:
 + Level 3.9 Fighting
 + Level 0.7 Short Blades
 + Level 2.6(2.7) Axes
 + Level 1.0(2.0) Polearms
 + Level 4.0 Armour
 + Level 0.9 Dodging
 + Level 4.2 Shields


You had 2 spell levels left.
You didn't know any spells.

Dungeon Overview and Level Annotations

Branches:
Dungeon (2/15)

Altars:


Innate Abilities, Weirdness & Mutations

You reflexively headbutt those who attack you in melee.
You have a pair of horns on your head.


Message History

You kill the frilled lizard!
A goblin comes into view. It is wielding a dagger of venom.
The goblin shouts!
You see here a bubbling sapphire potion.
B - a bubbling sapphire potion You block the goblin's attack.
You miss the goblin. The goblin hits you but does no damage.
You block the goblin's attack.
As you read the scroll labeled MAN XOTHRAKKYSH, it crumbles to dust.
The creatures around you are filled with an inner flame!
It was a scroll of immolation.
You block the goblin's attack.
You closely miss the goblin. The goblin closely misses you.
You furiously retaliate!
You headbutt the goblin. You hit the goblin.
The goblin explodes!
The fiery explosion engulfs you!
Ouch! That really hurt!
* * * LOW HITPOINT WARNING * * *
You are engulfed in blazing flames.
You die...

...........# ..# ...........#
.... #.....%...# ....
#.........# .....#.........#
.....#....?....###.
#.....§§§......... #..
#.§§@.........
#...#..§§.........
#...#........###..
...#........>..## .........
....#.?#.†..#########........
.........#...................
#.....#......######.........
#..#..###..#..# #.........
.#.......#.....#####.........


There were no monsters in sight!

Vanquished Creatures
  2 dart slugs
  3 leopard geckos (D:1)
  3 bats (D:1)
  6 goblins
  4 hobgoblins
  8 kobolds
  4 frilled lizards
  5 rats
  4 bushes (D:1)
  9 plants (D:1)
48 creatures vanquished.

Vanquished Creatures (others)
  A plant (D:1)
1 creature vanquished.

Grand Total: 49 creatures vanquished

Notes
Turn   | Place    | Note
-------+----------+-------------------------------------------
     0 | D:1      | HexTechBomber the Minotaur Fighter began the quest for the Orb.
     0 | D:1      | Reached XP level 1. HP: 19/19 MP: 0/0
   327 | D:1      | Reached XP level 2. HP: 27/27 MP: 1/1
  1260 | D:1      | Reached XP level 3. HP: 31/33 MP: 2/2
  1676 | D:2      | Reached skill level 1 in Polearms
  1854 | D:2      | Engulfed by a cloud of flame

Skill      XL: |  1  2  3 |
---------------+----------+-----
Shields        | 4 |  4.2
Armour         | 4 |  4.0
Polearms       | 1 |  1.0
Fighting       | |  3.9
Short Blades   | |  0.7
Axes           | |  2.6
Dodging        | |  0.9

Action                   || total
-------------------------++-------
Melee: Dagger            ||    13
       War axe           ||    13
       Headbutt          ||   251
       Spear             ||   676
  Use: Scroll            ||     8
  Eat: Bread ration      ||     1
Armor: Scale mail        ||    72
Dodge: Dodged            ||    42
Block: Shield            ||    81
